 Dungeon Crawl Stone Soup version 0.20.0-15-g7f486f2 (webtiles) character file.

2506 Malak the Destroyer (level 9, 0/45 HPs)
             Began as a Deep Elf Conjurer on June 14, 2017.
             Was a Follower of Vehumet.
             Shot with an arrow by a centaur (3 damage)
             ... on level 7 of the Dungeon.
             The game lasted 00:51:02 (8566 turns).

Malak the Destroyer (Deep Elf Conjurer)             Turns: 8566, Time: 00:51:03

Health: 0/45       AC:  3    Str:  5    XL:     9   Next: 28%
Magic:  18/21      EV: 13    Int: 24    God:    Vehumet [*.....]
Gold:   279        SH:  0    Dex: 15    Spells: 4/22 levels left

rFire    . . .     SeeInvis .   y - +0 dagger (venom)
rCold    . . .     Gourm    .   (no shield)
rNeg     + . .     Faith    .   a - +1 robe
rPois    .         Spirit   .   (no helmet)
rElec    .         Reflect  .   (no cloak)
rCorr    .         Harm     .   (no gloves)
MR       .....                  (no boots)
Stlth    ++........             d - amulet of magic regeneration
Regen    0.2/turn               n - ring of positive energy
MPRegen  0.3/turn               (no ring)

@: no status effects
A: no striking features
a: Renounce Religion


You were on level 7 of the Dungeon.
You worshipped Vehumet.
Vehumet was aware of your devotion.
You were not hungry.

You visited 1 branch of the dungeon, and saw 7 of its levels.

You collected 279 gold pieces.

Inventory:

Hand Weapons
 i - a +0 hand axe of venom
 y - a +0 dagger of venom (weapon)
Armour
 a - a +1 robe (worn)
 k - +0 fire dragon scales
 r - the cursed +0 leather armour "Udduwic" {Str+4}
   (You found it on level 4 of the Dungeon)

   It affects your strength (+4).
   It has a curse placed upon it.
Jewellery
 d - an amulet of magic regeneration (around neck)
 e - an uncursed amulet of regeneration
 n - a ring of positive energy (left hand)
 E - an uncursed amulet of guardian spirit {unknown}
 G - a cursed amulet of inaccuracy {unknown}
Wands
 u - a wand of flame (17/48)
 B - a wand of disintegration (21/24)
 F - a wand of acid (8/15)
 H - a wand of iceblast (10/15)
Scrolls
 j - 2 scrolls of remove curse
 m - 4 scrolls of enchant armour
 z - 2 scrolls of teleportation
 C - a scroll of enchant weapon {unknown}
Potions
 f - 2 potions of mutation {unknown}
 g - a potion of degeneration {unknown}
 h - a potion of might
 t - a potion of haste {unknown}
 w - 3 potions of resistance
 x - a potion of flight {unknown}
 D - a potion of ambrosia {unknown}
 I - a potion of cancellation
Books
 b - a book of Conjurations

   Spells                             Type                      Level
   a - Magic Dart                     Conjuration                  1
   b - Searing Ray                    Conjuration                  2
   c - Dazzling Spray                 Conjuration/Hexes            3
   d - Fulminant Prism                Conjuration/Hexes            4
   e - Force Lance                    Conjuration/Translocation    4
   f - Iskenderun's Mystic Blast      Conjuration                  4
Comestibles
 c - 6 bread rations
 q - 4 meat rations
 A - 4 royal jellies
 J - 2 fruits


   Skills:
 - Level 2.4 Dodging
 - Level 2.4 Stealth
 - Level 7.0 Spellcasting
 - Level 9.5 Conjurations
 - Level 7.0 Hexes
 + Level 7.2 Translocations


You had 4 spell levels left.
You knew the following spells:

 Your Spells              Type           Power        Failure   Level  Hunger
a - Magic Dart            Conj           ####         1%          1    None
b - Searing Ray           Conj           ######       1%          2    None
c - Dazzling Spray        Conj/Hex       #####.       1%          3    None
d - Iskenderun's Mystic   Conj           ######..     1%          4    ###....
e - Fulminant Prism       Conj/Hex       #####.....   2%          4    ###....
f - Force Lance           Conj/Tloc      #####...     2%          4    ###....


Dungeon Overview and Level Annotations

Branches:
Dungeon (7/15)             Temple (0/1) D:6

Altars:
Ashenzari
Gozag
Hepliaklqana
Kikubaaqudgha
Makhleb
Ru
Uskayaw
Vehumet


Message History

Casting: Magic Dart
Confirm with . or Enter, or press ? or * to list all spells.
You can't see any susceptible monsters within range! (Use Z to cast anyway.) Unknown command.
The centaur shoots an arrow.
The arrow hits you!
Casting: Magic Dart
Confirm with . or Enter, or press ? or * to list all spells.
Aiming: Searing Ray
Press: ? - help, Shift-Dir - straight line, f/p - centaur
Aim: a centaur, wielding a shortbow The searing ray hits the centaur.
The centaur is lightly wounded. (Press . to maintain the ray.)
The centaur shoots an arrow.
The arrow hits you!
The searing ray hits the centaur.
The centaur is moderately wounded.
The centaur shoots an arrow.
The arrow hits you!
* * * LOW HITPOINT WARNING * * *
The centaur shoots an arrow.
The arrow hits you.
You die...

####..# #.##...#.### ...#
#.....#
#.##.......###...#
##.##.####
#.##.#####...#....
#####..##.# #.##....#
....... #.....###.#
#...#..#### #..c...
..##### #.#
#.........#####...... ###
#.# ###...#....()##†.....
#
#.#####...#...##.(.((....
###
.##c...@...########.....
..# #.####(((.### #.....
..... . ###....## ##....
#.... .. #.##..### ....
####. .# #........ ..##
.# ..# ###...#.### #..
..# .# ...###....## #..
..# ..## #.....##.# ..#
...###....###.######


You could see a centaur.

Vanquished Creatures
  Sigmund (D:4)
  Eustachio (D:4)
  A hungry ghost (D:7)
  Edmund (D:6)
  A sky beast (D:5)
  A black bear (D:4)
  An ice beast (D:6)
  A phantom (D:6)
  A necrophage (D:7)
  A centaur (D:7)
  4 bullfrogs
  A wyvern skeleton (D:6)
  4 wights
  A howler monkey (D:6)
  A crimson imp (D:5)
  A quasit (D:5)
  3 hounds
  A jelly (D:6)
  A bullfrog skeleton (D:5)
  2 centaur skeletons
  5 orc wizards
  Natasha (thrice) (D:4)
  2 iguanas (D:4)
  6 worker ants
  A killer bee zombie (D:7)
  A hound zombie (D:5)
  A hound skeleton (D:7)
  A worker ant zombie (D:5)
  6 adders
  2 shadow imps (D:5)
  An ooze (D:1)
  2 adder skeletons (D:5)
  A worm (D:4)
  A dart slug (D:1)
  8 leopard geckos
  19 orcs
  3 ball pythons
  2 bats
  6 giant cockroaches
  6 hobgoblins
  10 jackals
  6 quokkas
  6 frilled lizards
  8 goblins
  11 kobolds
  A leopard gecko skeleton (D:7)
  3 quokka skeletons
  8 rats
159 creatures vanquished.

Vanquished Creatures (others)
  13 fulminant prisms
13 creatures vanquished.

Grand Total: 172 creatures vanquished

Notes
Turn   | Place    | Note
-------+----------+-------------------------------------------
     0 | D:1      | Malak the Deep Elf Conjurer began the quest for the Orb.
     0 | D:1      | Reached XP level 1. HP: 10/10 MP: 6/6
   187 | D:1      | Reached skill level 5 in Conjurations
   187 | D:1      | Reached XP level 2. HP: 8/15 MP: 1/8
   191 | D:1      | Learned a level 2 spell: Searing Ray
   719 | D:1      | Reached XP level 3. HP: 18/19 MP: 3/9
  1313 | D:2      | Reached skill level 6 in Conjurations
  1353 | D:2      | Learned a level 3 spell: Dazzling Spray
  1719 | D:2      | Found an opulent altar of Gozag.
  1837 | D:2      | Reached XP level 4. HP: 24/24 MP: 8/11
  1987 | D:3      | Learned a level 4 spell: Iskenderun's Mystic Blast
  1988 | D:3      | Found a sacrificial altar of Ru.
  2719 | D:3      | You fall through a shaft for 2 floors!
  2719 | D:5      | Entered Level 5 of the Dungeon
  2727 | D:5      | Found a hazy altar of Hepliaklqana.
  2741 | D:5      | Reached skill level 5 in Spellcasting
  2741 | D:5      | Reached XP level 5. HP: 20/28 MP: 4/14
  2747 | D:5      | Learned a level 4 spell: Fulminant Prism
  3096 | D:5      | HP: 1/28 [something (6)]
  3233 | D:5      | Reached XP level 6. HP: 28/32 MP: 11/18
  3255 | D:5      | Reached skill level 1 in Hexes
  3863 | D:5      | Found a hide-covered altar of Uskayaw.
  4132 | D:5      | Noticed a sky beast
  4248 | D:5      | Killed a sky beast
  4248 | D:5      | Reached skill level 5 in Hexes
  4248 | D:5      | Reached XP level 7. HP: 36/36 MP: 11/19
  4922 | D:4      | Got an ichor-stained leather armour
  4923 | D:4      | Identified the cursed +0 leather armour "Udduwic" {Str+4} (You found it on level 4 of the Dungeon)
  4951 | D:4      | Noticed Sigmund
  4956 | D:4      | Killed Sigmund
  5094 | D:4      | Found a shattered altar of Ashenzari.
  5154 | D:4      | Found a radiant altar of Vehumet.
  5372 | D:4      | Became a worshipper of Vehumet
  5399 | D:4      | Found an ancient bone altar of Kikubaaqudgha.
  5421 | D:4      | Noticed Eustachio
  5609 | D:4      | Killed Eustachio
  5609 | D:4      | Reached skill level 7 in Conjurations
  5609 | D:4      | Reached XP level 8. HP: 39/41 MP: 6/20
  5852 | D:4      | Noticed Natasha
  5859 | D:4      | Killed Natasha
  6111 | D:4      | Noticed Natasha
  6115 | D:4      | Killed Natasha
  6115 | D:4      | Reached skill level 8 in Conjurations
  6481 | D:4      | Noticed Natasha
  6488 | D:4      | Killed Natasha
  6887 | D:6      | Noticed Edmund
  6897 | D:6      | Killed Edmund
  6897 | D:6      | Reached skill level 9 in Conjurations
  6903 | D:6      | Learned a level 4 spell: Force Lance
  7178 | D:6      | Found a staircase to the Ecumenical Temple.
  7711 | D:7      | Reached skill level 5 in Translocations
  7720 | D:6      | Reached XP level 9. HP: 32/45 MP: 1/21
  8047 | D:7      | Found a burning altar of Makhleb.
  8055 | D:7      | Reached * piety under Vehumet
  8055 | D:7      | Offered knowledge of Sting by Vehumet.
  8566 | D:7      | Shot with an arrow by a centaur

Skill      XL: |  1  2  3  4  5  6  7  8  9 |
---------------+----------------------------+-----
Conjurations   | 5 6 7 9 |  9.5
Spellcasting   | 5 7 |  7.0
Hexes          | 5 7 |  7.0
Translocations | 5 7 |  7.2
Dodging        | |  2.4
Stealth        | |  2.4

Action                   |  1- 3 |  4- 6 |  7- 9 || total
-------------------------+-------+-------+-------++-------
Melee: Dagger            |       |    16 |     7 ||    23
 Cast: Magic Dart        |    50 |    40 |    74 ||   164
       Searing Ray       |    12 |    22 |    44 ||    78
       Fulminant Prism   |       |     4 |     9 ||    13
       Iskenderun's Myst |       |     3 |    14 ||    17
Evoke: Wand              |       |       |     1 ||     1
  Use: Scroll            |     1 |     2 |     9 ||    12
       Potion            |       |    10 |     3 ||    13
  Eat: Chunk             |     3 |     8 |     9 ||    20
       Bread ration      |       |       |     2 ||     2
Armor: Robe              |     1 |     9 |    10 ||    20
       Skin              |       |    15 |       ||    15
Dodge: Dodged            |     2 |    24 |    53 ||    79
